 Dungeon Crawl Stone Soup version 0.31-a0-233-g139696dc86 (webtiles) character file.

Game seed: 3247091893421436397

56 qw the Shooter (level 3, 0/29 HPs)
             Began as a Minotaur Hexslinger on July 9, 2023.
             Slain by an adder (2 damage)
             ... on level 2 of the Dungeon.
             The game lasted 00:00:24 (985 turns).

qw the Shooter (Minotaur Hexslinger)                 Turns: 985, Time: 00:00:25

Health: 0/29       AC:  2    Str: 12    XL:     3   Next: 71%
Magic:  3/3        EV: 12    Int: 10    God:
Gold:   42         SH:  0    Dex: 14    Spells: 3/4 levels left

rFire   . . .        Y - +1 sling
rCold   . . .        (no shield)
rNeg    . . .        c - +0 robe
rPois   .            (helmet restricted)
rElec   .            (no cloak)
rCorr   .            (no gloves)
SInv    .            (no boots)
Will    .....        (no amulet)
Stlth   +            (no ring)
HPRegen 0.24/turn    (no ring)
MPRegen 0.08/turn

%: no passive effects
@: lethally poisoned (0 -> -4)
A: horns 2, retaliatory headbutt
a: no special abilities


You were on level 2 of the Dungeon.
You visited 1 branch of the dungeon, and saw 2 of its levels.

You collected 42 gold pieces.


Innate Abilities, Weirdness & Mutations

You have a pair of horns on your head.
You reflexively headbutt those who attack you in melee.


   Skills:
 - Level 2.0 Fighting
 + Level 4.2 Ranged Weapons
 - Level 2.1 Dodging
 - Level 1.0 Spellcasting
 - Level 2.0 Hexes


You had 3 spell levels left.
You knew the following spells:

 Your Spells              Type           Power      Damage    Failure   Level
a - Slow                  Hex            16%        N/A       16%         1

Your spell library contained the following spells:

 Spells                   Type           Power      Damage    Failure   Level
 Inner Flame              Hex/Fire       2%         N/A       56%         3
 Portal Projectile        Hex/Tloc       4%         N/A       56%         3
 Cause Fear               Hex            2%         N/A       83%         4

Inventory:

Hand Weapons
 Y - a +1 sling (weapon)
Armour
 c - a +0 robe (worn)
 g - a +0 leather armour
Jewellery
 b - an amulet of faith
 h - a ring of poison resistance
Scrolls
 a - 2 scrolls of identify
 f - a scroll of noise {unknown}
 i - a scroll of brand weapon {unknown}
Potions
 d - a potion of berserk rage {unknown}
 e - a potion of enlightenment {unknown}

Dungeon Overview and Level Annotations

Branches:
Dungeon (2/15)

Altars:
Zin


Message History

You start resting.
An adder comes into view.
You shoot a sling bullet. The adder hisses angrily.
The sling bullet hits the adder.
The adder is lightly wounded.
You shoot a sling bullet.
The sling bullet closely misses the adder.
You shoot a sling bullet.
The sling bullet closely misses the adder.
You shoot a sling bullet.
The sling bullet closely misses the adder.
You shoot a sling bullet. The sling bullet misses the adder.
The adder bites you. The adder misses you.
You shoot a sling bullet.
The sling bullet closely misses the adder.
The adder bites you but does no damage.
You shoot a sling bullet. The sling bullet misses the adder.
The adder bites you.
You are poisoned.
The adder poisons you! The adder bites you.
You shoot a sling bullet.
The sling bullet hits the adder but does no damage.
The adder is lightly wounded.
You feel sick. The adder bites you.
You are lethally poisoned!
The adder poisons you!
You shoot a sling bullet.
The sling bullet hits the adder but does no damage.
The adder is lightly wounded.
You feel very sick. The adder bites you but does no damage.
The adder closely misses you. You furiously retaliate!
You headbutt the adder! You shoot a sling bullet.
The sling bullet misses the adder.
You feel very sick. The adder bites you.
You shoot a sling bullet. The sling bullet hits the adder.
The adder is almost dead.
You feel sick. The adder bites you.
You die...

####### ##.....##
##.......##
#.........#
#.........######
#.)..........@.#
#.........####S#
#.........# ...
##.......## .....#
#.........#..._..#
#.........#.......
#..:...............
#...................
#.............


You could see an adder.

Vanquished Creatures
  2 adders (D:2)
  4 ball pythons
  5 bats
  2 endoplasms
  A giant cockroach (D:1)
  4 goblins
  6 hobgoblins (D:1)
  3 quokkas
  2 frilled lizards
  2 kobolds (D:1)
  4 rats (D:1)
35 creatures vanquished.

Notes
Turn   | Place    | Note
-------+----------+-------------------------------------------
     0 | D:1      | qw the Minotaur Hexslinger began the quest for the Orb.
     0 | D:1      | Reached XP level 1. HP: 16/16 MP: 1/1
     0 | D:1      | 0 ||| qw: Version: 0.3-a-51-g015441d
     0 | D:1      | 0 ||| qw: Game counter: 3979
     0 | D:1      | 0 ||| qw: Melee chars always use a shield: true
     0 | D:1      | 0 ||| qw: God list: Okawaru
     0 | D:1      | 0 ||| qw: Allow faded altars: false
     0 | D:1      | 0 ||| qw: Do Orc after clearing Dungeon:15 true
     0 | D:1      | 0 ||| qw: Do second Lair branch before Depths: true
     0 | D:1      | 0 ||| qw: Lair rune preference: random
     0 | D:1      | 0 ||| qw: Goals: Normal
     0 | D:1      | 0 ||| PLANNING D:1-11
    19 | D:1      | Found a faded altar of an unknown god.
    90 | D:1      | Reached skill level 3 in Ranged Weapons
    93 | D:1      | Reached XP level 2. HP: 23/23 MP: 2/2
   729 | D:1      | Reached XP level 3. HP: 29/29 MP: 3/3
   734 | D:1      | 734 ||| READING scroll labelled MENLEOFRYVIS.
   735 | D:1      | 735 ||| READING scroll labelled VUEHUPNOOVIN.
   736 | D:1      | 736 ||| DROPPING scroll of poison.
   885 | D:2      | Reached skill level 4 in Ranged Weapons
   942 | D:2      | Found a glowing silver altar of Zin.
   984 | D:2      | HP: 6/29 [poisoned by an adder]
   985 | D:2      | HP: 2/29 [poisoned by an adder]
   985 | D:2      | Slain by an adder

Levels and vault maps discovered:
D:1:      zaba_arrival_water, layout_basic,
          hellmonk_ecumenical_altar_pennies_from_heaven, minmay_bisected
D:2:      layout_rooms, serial_glass, glass_columns_a, glass_columns_c,
          basic_altar

Skill      XL: |  1  2  3 |
---------------+----------+-----
Ranged Weapons | 3 4 |  4.2
Fighting       | 2 |  2.0
Dodging        | |  2.1
Spellcasting   | |  1.0
Hexes          | |  2.0

Action                     || total
---------------------------++-------
   Fire: Sling             ||   110
    Use: Scroll            ||     2
 Armour: Robe              ||    10
  Dodge: Dodged            ||    23

Table legend:
 A = Non-vault XP
 B = Vault XP
 C = Vault XP percentage of total XP
 D = Non-vault monster count
 E = Vault monster count
 F = Vault count percentage of total count
                 A         B        C        D         E       F
            +---------+---------+-------+---------+---------+-------
      Total |      75 |       6 |   7.4 |      31 |       4 |  11.4
            +---------+---------+-------+---------+---------+-------
        D:1 |      35 |       6 |  14.6 |      21 |       4 |  16.0
        D:2 |      40 |       0 |   0.0 |      10 |       0 |   0.0
            +---------+---------+-------+---------+---------+-------
